 Dungeon Crawl Stone Soup version 0.26-a0-812-g31a745ddcd (webtiles) character file.

Game seed: 9197604549299326746

210 Lanoc the Shooter (level 5, 0/45 HPs)
             Began as a Hill Orc Arcane Marksman on Nov 18, 2020.
             Slain by an ogre
             ... wielding a +0 giant spiked club
              (17 damage)
             ... on level 4 of the Dungeon.
             The game lasted 00:02:42 (2543 turns).

Lanoc the Shooter (Hill Orc Arcane Marksman)        Turns: 2543, Time: 00:02:43

Health: 0/45       AC:  3    Str: 13    XL:     5   Next: 88%
Magic:  6/6        EV: 17    Int: 13    God:
Gold:   52         SH:  0    Dex: 12    Spells: 5/6 levels left

rFire    . . .     SeeInvis .   b - +0 spear
rCold    . . .     Faith    .   (no shield)
rNeg     . . .     Spirit   .   e - +0 robe
rPois    .         Reflect  .   (no helmet)
rElec    .         Harm     .   (no cloak)
rCorr    .         Rampage  .   k - +0 pair of gloves
MR       .....                  (no boots)
Stlth    +.........             (no amulet)
HPRegen  0.15/turn              f - +4 ring of evasion
MPRegen  0.10/turn              (no ring)

@: no status effects
A: no striking features
a: no special abilities


You were on level 4 of the Dungeon.
You visited 1 branch of the dungeon, and saw 4 of its levels.

You collected 52 gold pieces.

Inventory:

Hand Weapons
 a - a +0 shortbow
 b - a +0 spear (weapon)
Missiles
 j - 2 arrows
Armour
 e - a +0 robe (worn)
 k - a +0 pair of gloves (worn)
Jewellery
 f - a +4 ring of evasion (left hand)
Scrolls
 c - a scroll of random uselessness {unknown}
 d - a scroll of fear {unknown}
 g - 3 scrolls of identify {unknown}
 i - a scroll of blinking {unknown}
 m - a scroll of remove curse {unknown}
 n - a scroll of enchant weapon {unknown}
Potions
 h - a potion of heal wounds {unknown}
 l - a potion of resistance {unknown}
 o - a potion of curing {unknown}


   Skills:
 + Level 3.4 Fighting
 * Level 4.0 Bows
 + Level 2.7 Dodging
 - Level 1.0 Spellcasting
 - Level 3.0 Hexes


You had 5 spell levels left.
You knew the following spells:

 Your Spells              Type           Power        Failure   Level
a - Corona                Hex            #......      9%          1

Your spell library contained the following spells:

 Spells                   Type           Power        Failure   Level
 Slow                     Hex            #.......     12%         2
 Inner Flame              Hex/Fire       #.......     41%         3
 Portal Projectile        Hex/Tloc       #.....       41%         3
 Cause Fear               Hex            #.........   63%         4
 Leda's Liquefaction      Hex/Erth       #.........   83%         4


Dungeon Overview and Level Annotations

Branches:
Dungeon (4/15)
 Temple: D:4-7

Altars:
Kikubaaqudgha


Message History

The ogre is moderately wounded.
The ogre closely misses you.
You hit the ogre.
The ogre is heavily wounded.
The ogre closely misses you.
You hit the ogre but do no damage.
The ogre is heavily wounded.
The ogre closely misses you.
You barely miss the ogre.
The ogre is heavily wounded.
The ogre hits you with a +0 giant spiked club!!
You hit the ogre but do no damage.
The ogre is heavily wounded.
You closely miss the ogre.
The ogre is heavily wounded.
The ogre hits you with a +0 giant spiked club!
You are too injured to fight recklessly!
A frilled lizard comes into view.
The ogre hits you with a +0 giant spiked club!
You die...

l.................#
.........$..........
#...................
#......?............
#.............(.....
#........<..(.....(
#####
#...........÷(....(
....
#....O...÷........
...##
##.#..@...........
#..#
#.#####.#########.
##.####.# #.#
##...##..# #.#
###...#...# ##.#
...#####..# ####..+
..## #..###...###
..## #.....#### ...#
##...##


You could see an ogre.

Vanquished Creatures
  2 vampire bats (D:3)
  An orc wizard (D:3)
  3 gnolls (D:3)
  2 adders (D:4)
  2 worms
  A dart slug (D:2)
  2 leopard geckos (D:3)
  5 orcs (D:3)
  2 bat skeletons (D:3)
  2 bat zombies (D:3)
  3 giant cockroaches
  A goblin (D:3)
  6 hobgoblins
  3 kobolds
  6 bats
  A frilled lizard (D:1)
  2 rats
44 creatures vanquished.

Notes
Turn   | Place    | Note
-------+----------+-------------------------------------------
     0 | D:1      | Lanoc the Hill Orc Arcane Marksman began the quest for the
                  | Orb.
     0 | D:1      | Reached XP level 1. HP: 16/16 MP: 2/2
   109 | D:2      | Reached skill level 2 in Bows
   123 | D:2      | Reached XP level 2. HP: 23/23 MP: 3/3
   516 | D:3      | Reached XP level 3. HP: 29/29 MP: 4/4
  1318 | D:3      | Reached skill level 3 in Bows
  1318 | D:3      | Reached XP level 4. HP: 18/37 MP: 5/5
  1892 | D:3      | You fall into a shaft and drop 1 floor!
  1995 | D:4      | Noticed an ogre
  2059 | D:3      | Reached XP level 5. HP: 44/44 MP: 6/6
  2135 | D:3      | Found an ancient bone altar of Kikubaaqudgha.
  2451 | D:3      | Reached skill level 4 in Bows
  2543 | D:4      | Slain by an ogre

Illustrated notes

Levels and vault maps discovered:
D:1:      eino_arrival_tree_alley, layout_loops_corners, serial_aquarium,
          aquarium_bridge_square [aquarium_subvault_wall,
          aquarium_subvault_bridge, aquarium_subvault_wall,
          aquarium_subvault_bridge], aquarium_bridge_island_small
          [aquarium_subvault_small_water, aquarium_subvault_wall,
          aquarium_subvault_bridge, aquarium_subvault_bridge,
          aquarium_subvault_bridge], aquarium_window_1, aquarium_window_fake,
          aquarium_window_2, aquarium_view_2c, aquarium_balcony_3b,
          aquarium_pool_2, minmay_vboxes
D:2:      layout_basic, bloody_makhleb
D:3:      layout_loops_corners, kennysheep_vampire_church
D:4:      layout_layer_cave, kennysheep_generic_room_9

Skill      XL: |  1  2  3  4  5 |
---------------+----------------+-----
Bows           | 2 3 4 |  4.0
Fighting       | 2 3 |  3.4
Dodging        | 2 |  2.7
Spellcasting   | |  1.0
Hexes          | |  3.0

Action                   |  1- 3 |  4- 6 || total
-------------------------+-------+-------++-------
Melee: Spear             |     4 |    86 ||    90
 Fire: Shortbow          |    65 |    22 ||    87
 Stab: Sleeping          |       |     1 ||     1
Armor: Robe              |     8 |    35 ||    43
Dodge: Dodged            |    49 |   138 ||   187

Table legend: (Time is in decaauts)
 A = Elapsed time spent in this place.
 B = Non-inter-level travel time spent in this place.
 C = Inter-level travel time spent in this place.
 D = Time resting spent in this place.
 E = Time spent auto-exploring this place.
 F = Levels seen in this place.
 G = Mean time per level.
                   A        B        C        D        E       F      G
               +--------+--------+--------+--------+--------+-----+--------+
         Total |   2568 |   2472 |     96 |    594 |   1545 |   4 |  642.0 |
       Dungeon |   2568 |   2472 |     96 |    594 |   1545 |   4 |  642.0 |
               +--------+--------+--------+--------+--------+-----+--------+

Top non-repeatable levels by time:
     D:3: 1318 daAuts
     D:2: 1018 daAuts
     D:4: 127 daAuts
     D:1: 104 daAuts
